 Dungeon Crawl Stone Soup version 0.29-a0-214-g17f627cfee (webtiles) character file.

Game seed: 9906167093207490961

2395 spaghetti the Quickloader (level 9, -2/70 (73) HPs)
             Began as a Deep Dwarf Hunter on Feb 24, 2022.
             Was an Elder of Okawaru.
             Slain by Duvessa
             ... wielding a +7 short sword of electrocution
              (14 damage)
             ... on level 7 of the Dungeon.
             The game lasted 00:12:19 (5389 turns).

spaghetti the Quickloader (Deep Dwarf Hunter)       Turns: 5389, Time: 00:12:20

HP:   -2/70 (73)    AC:  7    Str: 21    XL:     9   Next: 22%
MP:   6/8           EV: 14    Int: 13    God:    Okawaru [****..]
Gold: 244           SH:  0    Dex: 13    Spells: 8/8 levels left

rFire   . . .      SeeInvis .   m - +4 trident (venom) {polearm}
rCold   . . .      Faith    .   f - orb {light}
rNeg    . . .      Spirit   .   p - +1 leather armour
rPois   .          Reflect  .   (helmet restricted)
rElec   .          Harm     .   o - +2 cloak
rCorr   .          Rampage  .   (no gloves)
Will    +++..                   (no boots)
Stlth   +.........              (no amulet)
HPRegen 0.00/turn               h - ring of willpower
MPRegen 0.11/turn               (no ring)

@: heroic, glowing, lightly drained
A: damage resistance, heal wounds, sense surroundings 2, no regeneration,
antennae 1, strong-willed 1, strong 1
a: Heal Wounds, Renounce Religion, Heroism, Finesse


You were on level 7 of the Dungeon.
You worshipped Okawaru.
Okawaru was greatly pleased with you.
You visited 1 branch of the dungeon, and saw 7 of its levels.

You collected 404 gold pieces.
You spent 160 gold pieces at shops.


Innate Abilities, Weirdness & Mutations

You are resistant to damage.
You can heal yourself by infusing magical energy.
You passively map the area around you.
You do not regenerate.
You have a pair of small antennae on your head.
You are strong-willed. (Will+)
Your muscles are strong. (Str +2)


   Skills:
 - Level 1.7(6.7) Fighting
 + Level 14.0(19.0) Crossbows
 - Level 2.1(7.1) Dodging
 - Level 1.2(6.2) Stealth


You had 8 spell levels left.
You didn't know any spells.
Your spell library contained the following spells:

 Spells                   Type           Power      Damage    Failure   Level
 Magic Dart               Conj           0%         1d3       34%         1
 Sandblast                Erth           0%         2d4       34%         1
 Slow                     Hex            0%         N/A       34%         1
 Corpse Rot               Necr/Air       0%         N/A       47%         2
 Passwall                 Tmut/Erth      0%         N/A       47%         2
 Poisonous Vapours        Pois/Air       0%         N/A       47%         2
 Confusing Touch          Hex            0%         N/A       71%         3
 Gell's Gravitas          Tloc           0%         N/A       71%         3
 Mephitic Cloud           Conj/Pois/Air  0%         N/A       71%         3
 Stone Arrow              Conj/Erth      0%         3d7       71%         3
 Teleport Other           Tloc           0%         N/A       71%         3
 Vampiric Draining        Necr           0%         2d6       71%         3
 Dispersal                Tloc           0%         N/A       100%        6
 Call Imp                 Summ           Unusable   N/A       N/A         2

Inventory:

Hand Weapons
 a - the +9 spear of the Ecumenical Temple {flame, rC+ Str+4 Int+4, polearm}
   (You bought it in a shop on level 5 of the Dungeon)

   It burns those it strikes, dealing additional fire damage.
   Str:       It affects your strength (+4).
   Int:       It affects your intelligence (+4).
   rC:        It protects you from cold.
 b - a +1 hand crossbow {crossbow}
 m - a +4 trident of venom (weapon) {polearm}
   (You took it off Terence on level 2 of the Dungeon)
 w - a +0 trident of venom {polearm}
   (You took it off an orc on level 5 of the Dungeon)
 z - a +2 dagger of freezing {short}
   (You took it off a wight on level 7 of the Dungeon)
 C - a +4 flail {mace}
   (You took it off a wight on level 7 of the Dungeon)
 G - a +2 mace {mace}
   (You took it off a wight on level 7 of the Dungeon)
 H - a +2 dire flail {mace}
   (You took it off a wight on level 7 of the Dungeon)
 I - a +4 battleaxe {axe}
   (You took it off a wight on level 7 of the Dungeon)
 J - a +2 battleaxe {axe}
   (You took it off a wight on level 7 of the Dungeon)
 K - a +4 great sword {long}
   (You took it off a wight on level 7 of the Dungeon)
Missiles
 e - 208 stones {throwing}
 i - 8 javelins (quivered) {throwing}
 s - 5 poisoned darts {throwing}
 t - a throwing net {=f!fthrowing}
 x - 2 silver javelins {throwing}
 y - 3 boomerangs {throwing}
Armour
 f - an orb of light (worn)
   (You found it on level 1 of the Dungeon)
 g - a +0 cloak
   (You found it on level 1 of the Dungeon)
 o - a +2 cloak (worn)
   (You found it on level 2 of the Dungeon)
 p - a +1 leather armour (worn)
Jewellery
 h - a ring of willpower (left hand)
   (You found it on level 4 of the Dungeon)
 B - a ring of ice
   (You found it on level 6 of the Dungeon)
Wands
 k - a wand of mindburst (14)
   (You took it off Pikel on level 4 of the Dungeon)
 l - a wand of charming (8)
   (You found it on level 2 of the Dungeon)
 n - a wand of iceblast (8)
   (You found it on level 2 of the Dungeon)
 q - a wand of digging (6)
   (You found it on level 5 of the Dungeon)
 L - a wand of acid (11)
   (You found it on level 7 of the Dungeon)
Scrolls
 d - 2 scrolls of fear
 j - a scroll of magic mapping {!r}
 r - 4 scrolls of identify {@r1}
 u - a scroll of vulnerability {!r!r}
 v - a scroll of teleportation {@r4}
 D - a scroll of acquirement {unknown}
 F - a scroll of silence {!r}
Potions
 c - 2 potions of brilliance
 A - a potion of resistance
 E - a potion of lignification {!q}

Dungeon Overview and Level Annotations

Branches:
Dungeon (7/15)             Temple (0/1) D:5

Altars:
Okawaru
Uskayaw

Shops:
D:5 (

Annotations:
D:7 Duvessa

..............+ , ,
##.........####...# ,, ,
#............<...# , ,
#..............#.#, ,, ,
#..........#####.#
#..........# .# ,
#..........# .# , ,
#.......[..#####.#####. *
#..............@e.p.... ,
,
#.........######.####.p*+
* , ########.## .# ,, #.#
.# , , #.# .# #.# .# **
#..,,, ,.# ### ## *,,, ,
*


You could see Duvessa (berserk, very poisoned, corroded) and 2 humans.


Message History

There is an open door here.
Things that are here:
a +2 dagger of freezing {short}; a +0 robe You feel much better. 😮 HP[+24]
You regained 24 hp, and now have 45/69 hp.
The +9 spear of the Ecumenical Temple {flame, rC+ Str+4 Int+4, polearm} stops flaming.
b - a +1 hand crossbow (weapon)
{crossbow}
z - a +2 dagger of freezing {short}
There is an open door here.
You see here a +0 robe.
Things that are here:
a +0 trident {polearm}; a +1 robe of cold resistance
There is an open door here.
You see here a +0 robe.
C - a +4 flail {mace};
J - a +2 battleaxe {axe}
Things that are here:
a +0 robe; a +0 robe
There is an open door here.
You see here a +0 robe.
Things that are here:
a +0 trident {polearm}; a +1 robe of cold resistance You sense a monster nearby.
K - a +4 great sword {long} You see here a +0 robe.
You open the door.
There is an open door here.
Found a stone staircase leading up.
You pick up a book of Minor Magic and begin reading...
You add the spells Magic Dart and Mephitic Cloud to your library.
You now have 244 gold pieces (gained 12).
L - a wand of acid (14) Dowan, Brother of Duvessa comes into view.
He is wielding a +0 dagger of speed.
Shoot: b) +1 hand crossbow {crossbow}
Press: ? - help, Q - select action, (/) - cycle Shift-Dir - straight line, f - Dowan
Aim: Dowan, wielding a +0 dagger of speed and wearing a +0 robe (58% to hit)
You shoot a bolt. The bolt hits Dowan.
Shoot: b) +1 hand crossbow {crossbow}
Press: ? - help, Q - select action, (/) - cycle Shift-Dir - straight line, f/p - Dowan
Aim: Dowan, wielding a +0 dagger of speed and wearing a +0 robe (lightly wounded, 58% to hit)
You shoot a bolt. The bolt barely misses Dowan.
Shoot: b) +1 hand crossbow {crossbow}
Press: ? - help, Q - select action, (/) - cycle Shift-Dir - straight line, f/p - Dowan
Aim: Dowan, wielding a +0 dagger of speed and wearing a +0 robe (lightly wounded, 58% to hit)
You shoot a bolt. The bolt hits Dowan but does no damage.
Shoot: b) +1 hand crossbow {crossbow}
Press: ? - help, Q - select action, (/) - cycle Shift-Dir - straight line, f/p - Dowan
Aim: Dowan, wielding a +0 dagger of speed and wearing a +0 robe (lightly wounded, haloed, 73% to hit)
You shoot a bolt. The bolt hits Dowan!
You feel stronger.
You feel clever.
The +9 spear of the Ecumenical Temple {flame, rC+ Str+4 Int+4, polearm} bursts into flame!
a - the +9 spear of the Ecumenical Temple (weapon)
{flame, rC+ Str+4 Int+4, polearm} Unknown command.
Reach: a) +9 spear of the Ecumenical Temple {flame, rC+ Str+4 Int+4, polearm}
Press: ? - help, Dir - move target, f/p - Dowan
Aim: Dowan, wielding a +0 dagger of speed and wearing a +0 robe (heavily wounded, haloed, about 25% to evade the +9 spear of the Ecumenical Temple)
You reach to attack!
You puncture Dowan! You burn Dowan.
You kill Dowan!
Okawaru accepts your kill.
You hear a distant scream of rage.
You now have 70 max hp (+1).
Duvessa, Sister of Dowan comes into view.
She is wielding a +7 short sword of electrocution.
Duvessa shouts!
Duvessa goes berserk!
Duvessa rages.
You hear a shout!
Things that are here:
a +0 dagger of speed {short}; a +0 robe; the elf corpse of Dowan
Aiming: Corrosive Bolt
Press: ? - help, Shift-Dir - straight line, f - Duvessa
Aim: Duvessa, wielding a +7 short sword of electrocution and wearing a +0 ring mail (berserk, 79% to hit)
The bolt of acid misses Duvessa.
A human comes into view. It is wielding a +0 club.
The human shouts!
Aiming: Corrosive Bolt
Press: ? - help, Shift-Dir - straight line, f/p - Duvessa
Aim: Duvessa, wielding a +7 short sword of electrocution and wearing a +0 ring mail (berserk, 79% to hit)
The bolt of acid hits Duvessa.
The acid corrodes Duvessa!
You hear a shout! x2
Aiming: Corrosive Bolt
Press: ? - help, Shift-Dir - straight line, f/p - Duvessa
Aim: Duvessa, wielding a +7 short sword of electrocution and wearing a +0 ring mail (lightly wounded, berserk, covered in acid, haloed, 86% to hit)
The bolt of acid misses Duvessa.
The +9 spear of the Ecumenical Temple {flame, rC+ Str+4 Int+4, polearm} stops flaming.
Your +4 trident of venom {polearm} begins to drip with poison!
m - a +4 trident of venom (weapon)
{polearm} Duvessa hits you but does no damage.
You gain the combat prowess of a mighty hero.
Duvessa hits you with a +7 short sword of electrocution! 😮 HP[-8] MP[-2]
You take 8 damage, and now have 37/70 hp.
You lost 2 mp, and now have 6/8 mp.
You puncture Duvessa!
Duvessa is poisoned.
Duvessa hits you with a +7 short sword of electrocution!
* * * LOW HITPOINT WARNING * * *
A human comes into view. It is wielding a +0 club.
Duvessa hits you with a +7 short sword of electrocution!!
* * * LOW HITPOINT WARNING * * *
You are electrocuted!
You die...

Skill      XL: |  1  2  3  4  5  6  7  8  9 |
---------------+----------------------------+-----
Crossbows      | 5 6 7 8 10 11 13 14 | 14.0
Fighting       | |  1.7
Dodging        | |  2.1
Stealth        | |  1.2

Action                   |  1- 3 |  4- 6 |  7- 9 || total
-------------------------+-------+-------+-------++-------
Melee: Unarmed           |     4 |       |       ||     4
       Trident           |       |    47 |    23 ||    70
       Spear             |       |       |    93 ||    93
 Fire: Hand crossbow     |   102 |    79 |    65 ||   246
Invok: Heroism           |       |       |     1 ||     1
 Abil: Heal Wounds       |       |     1 |     5 ||     6
Evoke: Wand              |       |     1 |     3 ||     4
  Use: Potion            |     1 |     4 |     6 ||    11
       Scroll            |       |     8 |     2 ||    10
 Stab: Sleeping          |       |       |     1 ||     1
Armor: Leather armour    |    12 |    27 |    36 ||    75
Dodge: Dodged            |    21 |    42 |    61 ||   124

Levels and vault maps discovered:
D:1:      roderic_chinese_lattice_arrival, layout_basic, serial_rivers,
          chequers_serial_rivers_large_b, chequers_serial_rivers_room_b,
          chequers_serial_rivers_small_b, chequers_serial_rivers_micro_c,
          chequers_serial_rivers_micro_d, chequers_serial_rivers_small_a,
          shapermc_ecumenical_altar_ellora
D:2:      minmay_door_path, layout_basic, uniq_terence, uniq_natasha
D:3:      layout_loops_ring
D:4:      layout_loops_corners, uniq_pikel, uniq_sigmund
D:5:      layout_basic, minmay_temple_entry_water_ring, serial_shops,
          shop_fountains
D:6:      layout_cave_pools, mainiacjoe_overflow_alcove_4,
          minmay_misc_feat_diagonals, hangedman_abyss_or_decor_slice
D:7:      layout_basic, minmay_misc_feat_rugged, dk_vineyard_2, minmay_ruffians,
          uniq_joseph, uniq_duvessa

Notes
Turn   | Place    | Note
-------+----------+-------------------------------------------
     0 | D:1      | spaghetti the Deep Dwarf Hunter began the quest for the
                  | Orb.
     0 | D:1      | Reached XP level 1. HP: 19/19 MP: 1/1
     0 | D:1      | magus.rc [v1.9.6]
   153 | D:1      | Reached XP level 2. HP: 20/26 MP: 2/2
   170 | D:1      | Reached skill level 5 in Crossbows
   206 | D:1      | You pick up a book of Geomancy and begin reading...
   206 | D:1      | You add the spells Sandblast, Passwall and Stone Arrow to
                  | your library.
   284 | D:1      | Found a faded altar of an unknown god.
   334 | D:1      | Prayed at the altar of an unknown god.
   334 | D:1      | Became a worshipper of Warmaster Okawaru
   334 | D:1      | Reached * piety under Okawaru
  1091 | D:2      | Reached XP level 3. HP: 25/32 MP: 3/3
  1518 | D:2      | Reached skill level 6 in Crossbows
  1536 | D:2      | Noticed Natasha
  1537 | D:2      | Gained mutation: You are strong-willed. (Will+) [potion of
                  | mutation]
  1537 | D:2      | Gained mutation: You are partially covered in iridescent
                  | scales. (AC +2) [potion of mutation]
  1537 | D:2      | Gained mutation: Your spells are a little easier to cast,
                  | but a little less powerful. [potion of mutation]
  1541 | D:2      | Killed Natasha
  1542 | D:2      | Reached XP level 4. HP: 23/39 MP: 4/4
  1560 | D:2      | You pick up a book of Vapours and begin reading...
  1560 | D:2      | You add the spells Poisonous Vapours and Corpse Rot to your
                  | library.
  1783 | D:2      | Noticed Natasha
  1793 | D:2      | Killed Natasha
  1825 | D:2      | Noticed Natasha
  1833 | D:2      | Killed Natasha
  1834 | D:2      | Reached skill level 7 in Crossbows
  1834 | D:2      | Reached XP level 5. HP: 38/45 MP: 5/5
  1898 | D:2      | Noticed Terence
  1906 | D:2      | Killed Terence
  2982 | D:4      | Reached ** piety under Okawaru
  3083 | D:4      | Noticed Sigmund
  3113 | D:4      | Killed Sigmund
  3114 | D:4      | Reached skill level 8 in Crossbows
  3114 | D:4      | Reached XP level 6. HP: 24/52 MP: 6/6
  3334 | D:4      | Noticed Pikel
  3345 | D:4      | Killed Pikel
  3346 | D:4      | Reached skill level 10 in Crossbows
  3346 | D:4      | Reached XP level 7. HP: 21/58 MP: 7/7
  3444 | D:4      | Reached *** piety under Okawaru
  3737 | D:5      | Entered Level 5 of the Dungeon
  3737 | D:5      | Found Ipraedeg's Antique Weapon Emporium.
  3748 | D:5      | Reached skill level 11 in Crossbows
  3749 | D:5      | Bought a jewelled spear for 160 gold pieces
  3749 | D:5      | Identified the +9 spear of the Ecumenical Temple {flame,
                  | rC+ Str+4 Int+4} (You bought it in a shop on level 5 of the
                  | Dungeon)
  3794 | D:5      | Reached XP level 8. HP: 46/66 MP: 8/8
  3806 | D:5      | HP: 9/66 [orc warrior/+0 hand axe (12)]
  3876 | D:5      | Reached skill level 12 in Crossbows
  4196 | D:5      | Found a staircase to the Ecumenical Temple.
  4352 | D:6      | Received a gift from Okawaru
  4394 | D:6      | You pick up a book of Debilitation and begin reading...
  4394 | D:6      | You add the spells Slow, Vampiric Draining and Confusing
                  | Touch to your library.
  4591 | D:6      | Reached skill level 13 in Crossbows
  4689 | D:6      | You add the spells Gell's Gravitas, Teleport Other and
                  | Dispersal to your library.
  4799 | D:6      | Found a hide-covered altar of Uskayaw.
  4950 | D:7      | Lost mutation: You are partially covered in iridescent
                  | scales. (AC +2) [potion of mutation]
  4950 | D:7      | Lost mutation: Your spells are a little easier to cast, but
                  | a little less powerful. [potion of mutation]
  4950 | D:7      | Gained mutation: Armour fits poorly on your strangely
                  | shaped body. [potion of mutation]
  4950 | D:7      | Gained mutation: You are weak. (Str -2) [potion of
                  | mutation]
  4983 | D:7      | Gained mutation: You passively map the area around you.
                  | [Deep Dwarf growth]
  4983 | D:7      | Reached XP level 9. HP: 62/73 MP: 8/8
  5256 | D:7      | Lost mutation: You are weak. (Str -2) [potion of mutation]
  5256 | D:7      | Lost mutation: Armour fits poorly on your strangely shaped
                  | body. [potion of mutation]
  5256 | D:7      | Gained mutation: Your muscles are strong. (Str +2) [potion
                  | of mutation]
  5256 | D:7      | Gained mutation: You have a pair of small antennae on your
                  | head. [potion of mutation]
  5301 | D:7      | Reached **** piety under Okawaru
  5302 | D:7      | Reached skill level 14 in Crossbows
  5351 | D:7      | You pick up a book of Minor Magic and begin reading...
  5351 | D:7      | You add the spells Magic Dart and Mephitic Cloud to your
                  | library.
  5375 | D:7      | Noticed Dowan
  5381 | D:7      | Killed Dowan
  5383 | D:7      | Noticed Duvessa
  5389 | D:7      | HP: 12/70 [Duvessa/+7 short sword of electrocution (18)]
  5389 | D:7      | Slain by Duvessa

Vanquished Creatures
  Pikel (D:4)
  Sigmund (D:4)
  An orc warrior (D:5)
  A sky beast (D:5)
  2 black bears
  An ice beast (D:6)
  A hornet zombie (D:6)
  2 ogres
  A lemure (D:4)
  Dowan (D:7)
  10 wights (D:7)
  A bullfrog zombie (D:5)
  A jelly (D:5)
  An orc priest (D:5)
  3 hounds
  A centaur skeleton (D:5)
  Natasha (thrice) (D:2)
  Terence (D:2)
  2 iguanas
  9 adders
  3 white imps
  2 ufetubi
  A worm (D:4)
  2 dart slugs
  14 orcs
  8 ball pythons
  7 endoplasms
  3 giant cockroaches
  8 goblins
  8 hobgoblins
  6 jackals
  2 quokkas
  2 bats (D:3)
  A frilled lizard (D:1)
  5 kobolds
  A quokka skeleton (D:3)
  5 rats
122 creatures vanquished.

Vanquished Creatures (others)
  A fungus (D:1)
1 creature vanquished.

Grand Total: 123 creatures vanquished

Table legend:
 A = Non-vault XP
 B = Vault XP
 C = Vault XP percentage of total XP
 D = Non-vault monster count
 E = Vault monster count
 F = Vault count percentage of total count
                 A         B        C        D         E       F
            +---------+---------+-------+---------+---------+-------
      Total |    2345 |    1077 |  31.5 |     114 |       7 |   5.8
            +---------+---------+-------+---------+---------+-------
        D:1 |      38 |       0 |   0.0 |      20 |       0 |   0.0
        D:2 |     123 |      87 |  41.4 |      19 |       4 |  17.4
        D:3 |      56 |       0 |   0.0 |      20 |       0 |   0.0
        D:4 |     134 |     923 |  87.3 |      21 |       2 |   8.7
        D:5 |     738 |       0 |   0.0 |      15 |       0 |   0.0
        D:6 |     629 |       0 |   0.0 |       8 |       0 |   0.0
        D:7 |     627 |      67 |   9.7 |      11 |       1 |   8.3
            +---------+---------+-------+---------+---------+-------

Illustrated notes

Table legend:
 A = Kills in this place as a percentage of kills in entire the game.
 B = Kills by you in this place as a percentage of kills by you in the entire game.
 C = Kills by friends in this place as a percentage of kills by friends in the entire game.
 D = Other kills in this place as a percentage of other kills in the entire game.
 E = Experience gained in this place as a percentage of experience gained in the entire game.
 F = Experience gained in this place divided by the number of levels of this place that you have seen.
                   A       B       C       D       E      F
               +-------+-------+-------+-------+-------+----------------------
         Total | 100.0 | 100.0 |   N/A |   N/A | 100.0 | 488.9
       Dungeon | 100.0 | 100.0 |   N/A |   N/A | 100.0 | 488.9
               +-------+-------+-------+-------+-------+----------------------

Table legend: (Time is in decaauts)
 A = Elapsed time spent in this place.
 B = Non-inter-level travel time spent in this place.
 C = Inter-level travel time spent in this place.
 D = Time resting spent in this place.
 E = Time spent auto-exploring this place.
 F = Levels seen in this place.
 G = Mean time per level.
                   A        B        C        D        E       F      G
               +--------+--------+--------+--------+--------+-----+--------+
         Total |   5469 |   5204 |    265 |    202 |   4121 |   7 |  781.3 |
       Dungeon |   5469 |   5204 |    265 |    202 |   4121 |   7 |  781.3 |
               +--------+--------+--------+--------+--------+-----+--------+

Top non-repeatable levels by time:
     D:1: 1136 daAuts
     D:4: 966 daAuts
     D:2: 871 daAuts
     D:3: 851 daAuts
     D:5: 597 daAuts
     D:6: 576 daAuts
     D:7: 469 daAuts
